[Event "1st Sergiy Shystarev Memorial 2020"]
[Site "Kyiv"]
[Date "2020.08.25"]
[Round "1.3"]
[White "Matviishen, Viktor"]
[Black "Gavrish, Leonid"]
[Result "1-0"]
[ECO "A58"]
[WhiteElo "2505"]
[BlackElo "2096"]
[Annotator "ChessBase"]
[PlyCount "65"]
[EventDate "2020.08.25"]
[EventCountry "UKR"]
[SourceTitle "playchess.com"]
[Source "ChessBase"]
[SourceQuality "1"]
[TimeControl "5400+30"]

1. d4 Nf6 2. c4 c5 3. d5 b5 4. cxb5 a6 5. bxa6 g6 6. Nc3 Bg7 7. g3 d6 8. Bg2 Nbd7 9. Nf3 Nb6 10. O-O Bxa6 11. Nd2 O-O 12. Qc2 Nfd7 13. Re1 Ne5 14. b3 f5 15. Bb2 f4 16. Nf3 Nxf3+ 17. exf3 Nd7 18. Ne4 Ne5 19. Ng5 Bc8 20. Bxe5 Bxe5 21. Rxe5 dxe5 22. Bf1 e6 23. Nxe6 Bxe6 24. dxe6 fxg3 25. hxg3 Rc8 26. Bc4 Kh8 27. Qe4 Qf6 28. Re1 Kg7 29. Qb7+ Kh6 30. Kg2 Rce8 31. Rh1+ Kg5 32. Qe4 h5 33. Qe3+ 1-0

[Event "1st Sergiy Shystarev Memorial 2020"]
[Site "Kyiv"]
[Date "2020.08.25"]
[Round "1.6"]
[White "Kazakov, Maksym"]
[Black "Shishkin, Vadim"]
[Result "0-1"]
[ECO "A01"]
[WhiteElo "2075"]
[BlackElo "2469"]
[Annotator "ChessBase"]
[PlyCount "74"]
[EventDate "2020.08.25"]
[EventCountry "UKR"]
[SourceTitle "playchess.com"]
[Source "ChessBase"]
[SourceQuality "1"]
[TimeControl "5400+30"]

1. b3 d5 2. e3 Nf6 3. Bb2 g6 4. Bxf6 exf6 5. d4 Bg7 6. g3 O-O 7. Bg2 f5 8. Ne2 Be6 9. O-O Nd7 10. c4 dxc4 11. Nf4 cxb3 12. Nd2 b2 13. Rb1 Nb6 14. Nxe6 fxe6 15. Bxb7 Rb8 16. Bf3 c5 17. Nb3 Na4 18. Qc2 cxd4 19. Qc4 Nc3 20. Rxb2 dxe3 21. Qxe6+ Kh8 22. fxe3 Re8 23. Qa6 Rxe3 24. Qxa7 Rxf3 25. Rxf3 Rxb3 26. Rd3 Ne2+ 27. Kh1 Rxd3 28. Rb8 h5 29. Kg2 Kh7 30. Rxd8 Rxd8 31. Kf1 Nc3 32. a4 Rd1+ 33. Kg2 Rd2+ 34. Kf3 Nd1 35. Kf4 Kh6 36. g4 Rf2+ 37. Kg3 Be5+ 0-1

[Event "1st Sergiy Shystarev Memorial 2020"]
[Site "Kyiv"]
[Date "2020.08.27"]
[Round "3.2"]
[White "Matviishen, Viktor"]
[Black "Budnikov, Oleg"]
[Result "0-1"]
[ECO "E04"]
[WhiteElo "2505"]
[BlackElo "2397"]
[Annotator "ChessBase"]
[PlyCount "58"]
[EventDate "2020.08.25"]
[EventCountry "UKR"]
[SourceTitle "playchess.com"]
[Source "ChessBase"]
[SourceQuality "1"]
[TimeControl "5400+30"]

1. d4 Nf6 2. c4 e6 3. g3 d5 4. Nf3 dxc4 5. Bg2 Bd7 6. Ne5 Bc6 7. Nxc6 Nxc6 8. O-O Qd7 9. e3 O-O-O 10. Qa4 Nd5 11. Qxc4 h5 12. Bd2 h4 13. b4 hxg3 14. hxg3 f5 15. b5 Nce7 16. Rc1 g5 17. a4 f4 18. e4 fxg3 19. exd5 gxf2+ 20. Kf1 exd5 21. Qd3 Nf5 22. b6 axb6 23. Nc3 Bd6 24. Nxd5 Kb8 25. Nf6 Qe6 26. Ne4 Rh2 27. Nxd6 Rxd6 28. Bxg5 Rxg2 29. Kxg2 Qg6 0-1

[Event "1st Sergiy Shystarev Memorial 2020"]
[Site "Kyiv"]
[Date "2020.08.27"]
[Round "3.3"]
[White "Zubarev, Alexander"]
[Black "Vysochin, Spartak"]
[Result "0-1"]
[ECO "D10"]
[WhiteElo "2430"]
[BlackElo "2501"]
[Annotator "ChessBase"]
[PlyCount "40"]
[EventDate "2020.08.25"]
[EventCountry "UKR"]
[SourceTitle "playchess.com"]
[Source "ChessBase"]
[SourceQuality "1"]
[TimeControl "5400+30"]

1. d4 d5 2. c4 c6 3. Nc3 Nf6 4. e3 Bf5 5. cxd5 cxd5 6. Qb3 Nc6 7. Qxb7 Bd7 8. Bb5 Rb8 9. Qa6 Nb4 10. Qa4 Rxb5 11. Nxb5 e5 12. Bd2 Nd3+ 13. Ke2 Qb8 14. Qxa7 Qxb5 15. Qa8+ Ke7 16. a4 Qc4 17. b3 Nf4+ 18. Kf3 e4+ 19. Kg3 N6h5+ 20. Kh4 g5+ 0-1

[Event "1st Sergiy Shystarev Memorial 2020"]
[Site "Kyiv"]
[Date "2020.08.27"]
[Round "3.4"]
[White "Skliarov, Viktor"]
[Black "Shishkin, Vadim"]
[Result "1/2-1/2"]
[ECO "B31"]
[WhiteElo "2376"]
[BlackElo "2469"]
[Annotator "ChessBase"]
[PlyCount "35"]
[EventDate "2020.08.25"]
[EventCountry "UKR"]
[SourceTitle "playchess.com"]
[Source "ChessBase"]
[SourceQuality "1"]
[TimeControl "5400+30"]

1. e4 c5 2. Nf3 Nc6 3. Bb5 g6 4. O-O Bg7 5. Re1 e5 6. Bxc6 dxc6 7. d3 Qe7 8. Nbd2 Nf6 9. Nc4 Nd7 10. Be3 O-O 11. Qd2 Rd8 12. a3 Nb6 13. Qc3 Bg4 14. Nxb6 axb6 15. Nd2 Be6 16. b4 cxb4 17. axb4 b5 18. Nb3 1/2-1/2

[Event "1st Sergiy Shystarev Memorial 2020"]
[Site "Kyiv"]
[Date "2020.08.27"]
[Round "3.6"]
[White "Malakhatko, Vadim"]
[Black "Samunenkov, Ihor"]
[Result "1-0"]
[ECO "E15"]
[WhiteElo "2488"]
[BlackElo "2142"]
[Annotator "ChessBase"]
[PlyCount "93"]
[EventDate "2020.08.25"]
[EventCountry "UKR"]
[SourceTitle "playchess.com"]
[Source "ChessBase"]
[SourceQuality "1"]
[TimeControl "5400+30"]

1. d4 Nf6 2. c4 e6 3. Nf3 b6 4. g3 c6 5. Nc3 d5 6. Qa4 a6 7. Bg2 Be7 8. cxd5 b5 9. Qc2 cxd5 10. O-O Bb7 11. Bf4 Nc6 12. Rfc1 O-O 13. Qd3 Rc8 14. Bg5 h6 15. Bxf6 Bxf6 16. e3 Na5 17. Ne2 Nc4 18. Rc2 Nd6 19. Rxc8 Qxc8 20. Nc1 Be7 21. Qd1 Qb8 22. Nd3 Nc4 23. b3 Nd6 24. Nc5 Rc8 25. Ne5 Qc7 26. Bh3 Nf5 27. Rc1 Bd6 28. Ned3 Qe7 29. Bxf5 exf5 30. Qh5 f4 31. gxf4 Bxc5 32. Nxc5 Rc6 33. Qe5 Qh4 34. f5 Kh7 35. Kf1 Bc8 36. Qxd5 Rf6 37. e4 Qxh2 38. Nd3 Rd6 39. Qe5 Qh3+ 40. Ke2 Qg4+ 41. f3 Qg2+ 42. Nf2 Rd8 43. Rc7 Kg8 44. Qc5 Bxf5 45. Qxf5 f6 46. d5 Qg1 47. Qg4 1-0

[Event "1st Sergiy Shystarev Memorial 2020"]
[Site "Kyiv"]
[Date "2020.08.27"]
[Round "4.1"]
[White "Vysochin, Spartak"]
[Black "Roshka, Yevgeniy"]
[Result "1/2-1/2"]
[ECO "B22"]
[WhiteElo "2501"]
[BlackElo "2455"]
[Annotator "ChessBase"]
[PlyCount "32"]
[EventDate "2020.08.25"]
[EventCountry "UKR"]
[SourceTitle "playchess.com"]
[Source "ChessBase"]
[SourceQuality "1"]
[TimeControl "5400+30"]

1. e4 c5 2. c3 Nf6 3. e5 Nd5 4. d4 cxd4 5. cxd4 d6 6. Nf3 Nc6 7. Bc4 dxe5 8. dxe5 Nb6 9. Qxd8+ Nxd8 10. Bb5+ Bd7 11. Nc3 e6 12. Ke2 a6 13. Bxd7+ Nxd7 14. Rd1 h6 15. h4 Nc6 16. Bf4 Be7 1/2-1/2

[Event "1st Sergiy Shystarev Memorial 2020"]
[Site "Kyiv"]
[Date "2020.08.27"]
[Round "4.2"]
[White "Budnikov, Oleg"]
[Black "Solodovnichenko, Yuri"]
[Result "1/2-1/2"]
[ECO "C42"]
[WhiteElo "2397"]
[BlackElo "2553"]
[Annotator "ChessBase"]
[PlyCount "22"]
[EventDate "2020.08.25"]
[EventCountry "UKR"]
[SourceTitle "playchess.com"]
[Source "ChessBase"]
[SourceQuality "1"]
[TimeControl "5400+30"]

1. e4 e5 2. Nf3 Nf6 3. Nxe5 d6 4. Nf3 Nxe4 5. Qe2 Qe7 6. d3 Nf6 7. Bg5 Qxe2+ 8. Bxe2 Nbd7 9. Nc3 h6 10. Bf4 Nb6 11. O-O-O Bd7 1/2-1/2

[Event "1st Sergiy Shystarev Memorial 2020"]
[Site "Kyiv"]
[Date "2020.08.27"]
[Round "4.5"]
[White "Malovanyi, Yulian"]
[Black "Skliarov, Viktor"]
[Result "1/2-1/2"]
[ECO "B30"]
[WhiteElo "2311"]
[BlackElo "2376"]
[Annotator "ChessBase"]
[PlyCount "35"]
[EventDate "2020.08.25"]
[EventCountry "UKR"]
[SourceTitle "playchess.com"]
[Source "ChessBase"]
[SourceQuality "1"]
[TimeControl "5400+30"]

1. e4 c5 2. Nf3 Nc6 3. c3 Nf6 4. e5 Nd5 5. g3 e6 6. Bg2 Be7 7. O-O O-O 8. Re1 f6 9. d4 cxd4 10. cxd4 d6 11. exd6 Bxd6 12. Nc3 Nce7 13. Bh3 Nc7 14. Qb3 Kh8 15. Bd2 b6 16. Ne4 Ned5 17. Rac1 Bb7 18. Rc2 1/2-1/2

[Event "1st Sergiy Shystarev Memorial 2020"]
[Site "Kyiv"]
[Date "2020.08.27"]
[Round "4.6"]
[White "Sivuk, Vitaly"]
[Black "Biletskiy, Danylo"]
[Result "1/2-1/2"]
[ECO "A58"]
[WhiteElo "2545"]
[BlackElo "2252"]
[Annotator "ChessBase"]
[PlyCount "34"]
[EventDate "2020.08.25"]
[EventCountry "UKR"]
[SourceTitle "playchess.com"]
[Source "ChessBase"]
[SourceQuality "1"]
[TimeControl "5400+30"]

1. d4 Nf6 2. c4 c5 3. d5 b5 4. cxb5 a6 5. bxa6 g6 6. Nc3 Bg7 7. e4 O-O 8. Be2 Qa5 9. Bd2 Bxa6 10. e5 Ne8 11. Nf3 d6 12. e6 fxe6 13. Ng5 e5 14. h4 Bxe2 15. Qxe2 Nf6 16. h5 Ne8 17. h6 Nf6 1/2-1/2

[Event "1st Sergiy Shystarev Memorial 2020"]
[Site "Kyiv"]
[Date "2020.08.27"]
[Round "4.6"]
[White "Sivuk, Vitaly"]
[Black "Biletskiy, Danylo"]
[Result "1-0"]
[ECO "A58"]
[WhiteElo "2545"]
[BlackElo "2252"]
[Annotator "ChessBase"]
[PlyCount "47"]
[EventDate "2020.08.25"]
[EventCountry "UKR"]
[SourceTitle "playchess.com"]
[Source "ChessBase"]
[SourceQuality "1"]
[TimeControl "5400+30"]

1. d4 Nf6 2. c4 c5 3. d5 b5 4. cxb5 a6 5. bxa6 g6 6. Nc3 Bg7 7. e4 O-O 8. Be2 Qa5 9. Bd2 Bxa6 10. e5 Ne8 11. Nf3 d6 12. e6 fxe6 13. Ng5 e5 14. h4 Bxe2 15. Qxe2 Nf6 16. h5 Qa6 17. Nb5 Qa4 18. hxg6 hxg6 19. Nc7 Ra7 20. Nce6 Qg4 21. Qxg4 Nxg4 22. Nxg7 Rxf2 23. N7e6 Nd7 24. Rh7 1-0

[Event "1st Sergiy Shystarev Memorial 2020"]
[Site "Kyiv"]
[Date "2020.08.28"]
[Round "5.1"]
[White "Kislinsky, Alexey"]
[Black "Vysochin, Spartak"]
[Result "1/2-1/2"]
[ECO "D10"]
[WhiteElo "2452"]
[BlackElo "2501"]
[Annotator "ChessBase"]
[PlyCount "21"]
[EventDate "2020.08.25"]
[EventCountry "UKR"]
[SourceTitle "playchess.com"]
[Source "ChessBase"]
[SourceQuality "1"]
[TimeControl "5400+30"]

1. d4 d5 2. c4 c6 3. cxd5 cxd5 4. Nc3 Nf6 5. Bf4 Nc6 6. e3 Bg4 7. Be2 Bxe2 8. Ngxe2 e6 9. O-O Bd6 10. Rc1 O-O 11. Bxd6 1/2-1/2

[Event "1st Sergiy Shystarev Memorial 2020"]
[Site "Kyiv"]
[Date "2020.08.28"]
[Round "5.2"]
[White "Roshka, Yevgeniy"]
[Black "Budnikov, Oleg"]
[Result "1/2-1/2"]
[ECO "D90"]
[WhiteElo "2455"]
[BlackElo "2397"]
[Annotator "ChessBase"]
[PlyCount "38"]
[EventDate "2020.08.25"]
[EventCountry "UKR"]
[SourceTitle "playchess.com"]
[Source "ChessBase"]
[SourceQuality "1"]
[TimeControl "5400+30"]

1. d4 Nf6 2. c4 g6 3. Nc3 d5 4. Nf3 Bg7 5. g3 O-O 6. Bg2 dxc4 7. O-O Nc6 8. e4 Bg4 9. Be3 Nd7 10. e5 Nb6 11. Ne4 Qc8 12. Nc5 Rd8 13. Qc2 Rb8 14. Qc3 f6 15. exf6 exf6 16. Rfe1 Ne7 17. Nd2 Ned5 18. Qc1 Bh3 19. Bf3 Bg4 1/2-1/2

[Event "1st Sergiy Shystarev Memorial 2020"]
[Site "Kyiv"]
[Date "2020.08.28"]
[Round "5.3"]
[White "Solodovnichenko, Yuri"]
[Black "Sergeev, Vladimir"]
[Result "1-0"]
[ECO "B05"]
[WhiteElo "2553"]
[BlackElo "2423"]
[Annotator "ChessBase"]
[PlyCount "76"]
[EventDate "2020.08.25"]
[EventCountry "UKR"]
[SourceTitle "playchess.com"]
[Source "ChessBase"]
[SourceQuality "1"]
[TimeControl "5400+30"]

1. e4 Nf6 2. e5 Nd5 3. d4 c6 4. Nf3 d6 5. Be2 Bg4 6. c4 Nb6 7. Nbd2 dxe5 8. Nxe5 Bxe2 9. Qxe2 e6 10. Qf3 Qf6 11. Qb3 Qe7 12. c5 Nd5 13. Ne4 Qc7 14. Qf3 f5 15. Ng5 Bxc5 16. Nxe6 Bb4+ 17. Kf1 Qe7 18. Qh5+ g6 19. Nxg6 hxg6 20. Qxh8+ Kd7 21. Bg5 Qe8 22. Qxe8+ Kxe8 23. a3 Bd6 24. Re1 Kd7 25. h4 Na6 26. h5 Rh8 27. h6 Nac7 28. Nd8 Rh7 29. Nxb7 Ne6 30. Nxd6 Kxd6 31. Bd2 f4 32. Bc3 Ng7 33. hxg7 Rxh1+ 34. Ke2 Rxe1+ 35. Kxe1 Nf6 36. d5 Ng8 37. dxc6 Kxc6 38. Ke2 Kd5 1-0

[Event "1st Sergiy Shystarev Memorial 2020"]
[Site "Kyiv"]
[Date "2020.08.28"]
[Round "5.5"]
[White "Matviishen, Viktor"]
[Black "Kruglyakov, Pavlo"]
[Result "1-0"]
[ECO "D83"]
[WhiteElo "2505"]
[BlackElo "2357"]
[Annotator "ChessBase"]
[PlyCount "81"]
[EventDate "2020.08.25"]
[EventCountry "UKR"]
[SourceTitle "playchess.com"]
[Source "ChessBase"]
[SourceQuality "1"]
[TimeControl "5400+30"]

1. d4 Nf6 2. c4 g6 3. Nc3 d5 4. Bf4 Bg7 5. e3 O-O 6. Qb3 c6 7. Nf3 Qb6 8. h3 Na6 9. c5 Qa5 10. a3 Nd7 11. Qa4 Qxa4 12. Nxa4 f6 13. Bh2 e5 14. b4 Nc7 15. Nc3 a6 16. a4 Ne6 17. O-O-O e4 18. Nd2 f5 19. Bd6 Rf7 20. Nb3 f4 21. Be2 h5 22. g3 f3 23. Bf1 g5 24. Kb2 Bf6 25. Nxe4 dxe4 26. Bc4 Ndf8 27. Nd2 Bd7 28. Nxe4 Re8 29. h4 g4 30. Nxf6+ Rxf6 31. d5 cxd5 32. Rxd5 Bxa4 33. Rxh5 Kf7 34. Rg5 Bb5 35. Ba2 Bd3 36. Rxg4 Bf5 37. Rg5 Nh7 38. g4 Bd3 39. Rd5 Bg6 40. h5 Be4 41. Re5 1-0

[Event "1st Sergiy Shystarev Memorial 2020"]
[Site "Kyiv"]
[Date "2020.08.29"]
[Round "6.3"]
[White "Budnikov, Oleg"]
[Black "Malakhatko, Vadim"]
[Result "1/2-1/2"]
[ECO "C01"]
[WhiteElo "2397"]
[BlackElo "2488"]
[Annotator "ChessBase"]
[PlyCount "30"]
[EventDate "2020.08.23"]
[EventCountry "UKR"]
[SourceTitle "playchess.com"]
[Source "ChessBase"]
[SourceQuality "1"]
[TimeControl "5400+30"]

1. e4 e6 2. d4 d5 3. exd5 exd5 4. Nf3 Nf6 5. Bd3 Bg4 6. h3 Bh5 7. Qe2+ Qe7 8. Qxe7+ Bxe7 9. Ne5 Bg6 10. Nxg6 hxg6 11. Bf4 Kd7 12. Nd2 Bd6 13. Bxd6 Kxd6 14. O-O-O Nbd7 15. Rde1 Rae8 1/2-1/2

[Event "1st Sergiy Shystarev Memorial 2020"]
[Site "Kyiv"]
[Date "2020.08.29"]
[Round "6.4"]
[White "Shevchenko, Danylo"]
[Black "Kislinsky, Alexey"]
[Result "*"]
[ECO "B21"]
[WhiteElo "2185"]
[BlackElo "2452"]
[Annotator "ChessBase"]
[PlyCount "36"]
[EventDate "2020.08.23"]
[EventCountry "UKR"]
[SourceTitle "playchess.com"]
[Source "ChessBase"]
[SourceQuality "1"]
[TimeControl "5400+30"]

1. e4 c5 2. d4 cxd4 3. c3 g6 4. cxd4 d5 5. exd5 Nf6 6. Bb5+ Nbd7 7. d6 exd6 8. Bg5 Bg7 9. Qe2+ Kf8 10. Nf3 h6 11. Bf4 Nb6 12. O-O a6 13. Bd3 Nbd5 14. Bg3 Kg8 15. Nbd2 Kh7 16. Nc4 Re8 17. Qd2 Nh5 18. a4 Bg4 *

[Event "1st Sergiy Shystarev Memorial 2020"]
[Site "Kyiv"]
[Date "2020.08.29"]
[Round "7.1"]
[White "Kislinsky, Alexey"]
[Black "Budnikov, Oleg"]
[Result "1-0"]
[ECO "B22"]
[WhiteElo "2452"]
[BlackElo "2397"]
[Annotator "ChessBase"]
[PlyCount "97"]
[EventDate "2020.08.25"]
[EventCountry "UKR"]
[SourceTitle "playchess.com"]
[Source "ChessBase"]
[SourceQuality "1"]
[TimeControl "5400+30"]

1. e4 c5 2. c3 Nf6 3. e5 Nd5 4. Bc4 Nb6 5. Bb3 c4 6. Bc2 Nc6 7. Nf3 d6 8. exd6 Qxd6 9. O-O Bg4 10. Re1 O-O-O 11. Na3 Qf6 12. b3 Nd5 13. Bb2 cxb3 14. axb3 Bxf3 15. Qxf3 Qxf3 16. gxf3 e5 17. b4 f6 18. Nc4 a6 19. Be4 Kc7 20. Reb1 g6 21. Bc1 f5 22. Bxd5 Rxd5 23. Ne3 Rd3 24. b5 axb5 25. Rxb5 Bd6 26. Nd5+ Kb8 27. Rab1 Nd8 28. c4 Re8 29. Bb2 Rf8 30. Rb6 Bc7 31. Nxc7 Kxc7 32. Bxe5+ Kc8 33. R1b2 f4 34. Kf1 Rxf3 35. Ra2 Kd7 36. Ra8 Re8 37. d4 Rc3 38. c5 f3 39. Ke1 Rc2 40. Rd6+ Ke7 41. Raxd8 Re2+ 42. Kf1 Rxd8 43. Bf6+ Ke8 44. Rxd8+ Kf7 45. Bh4 Rb2 46. Ke1 Ke6 47. Bg3 g5 48. d5+ Kf5 49. Re8 1-0

[Event "1st Sergiy Shystarev Memorial 2020"]
[Site "Kyiv"]
[Date "2020.08.29"]
[Round "7.2"]
[White "Solodovnichenko, Yuri"]
[Black "Roshka, Yevgeniy"]
[Result "0-1"]
[ECO "C11"]
[WhiteElo "2553"]
[BlackElo "2455"]
[Annotator "ChessBase"]
[PlyCount "94"]
[EventDate "2020.08.25"]
[EventCountry "UKR"]
[SourceTitle "playchess.com"]
[Source "ChessBase"]
[SourceQuality "1"]
[TimeControl "5400+30"]

1. e4 e6 2. d4 d5 3. Nc3 Nf6 4. e5 Nfd7 5. f4 c5 6. Nf3 Nc6 7. Be3 Be7 8. Qd2 a6 9. Bd3 b5 10. O-O b4 11. Nd1 a5 12. c3 a4 13. f5 exf5 14. Bxf5 bxc3 15. Nxc3 cxd4 16. Nxd4 Ncxe5 17. Nxd5 O-O 18. Qc2 Ba6 19. Nxe7+ Qxe7 20. Bxh7+ Kh8 21. Rf4 g6 22. Nf5 Bd3 23. Qf2 Bxf5 24. Rh4 Ng4 25. Bd4+ Nde5 26. Qg3 Kg7 27. Re1 f6 28. Bxg6 Kxg6 29. h3 Qd6 30. Bxe5 fxe5 31. hxg4 Qd4+ 32. Kh1 Be6 33. Qh3 Qd2 34. Re3 Rh8 35. Rh5 Qd1+ 36. Kh2 Bxg4 37. Rxh8 Bxh3 38. Rxa8 Be6 39. Ra5 Qd6 40. Raxe5 Kf6 41. Kg1 Qxe5 42. Rxe5 Kxe5 43. Kf2 Bxa2 44. Ke3 Bb1 45. g4 Be4 46. Kd2 Kd4 47. Kc1 Ke5 0-1

[Event "1st Sergiy Shystarev Memorial 2020"]
[Site "Kyiv"]
[Date "2020.08.29"]
[Round "7.3"]
[White "Malakhatko, Vadim"]
[Black "Sivuk, Vitaly"]
[Result "0-1"]
[ECO "D02"]
[WhiteElo "2488"]
[BlackElo "2545"]
[Annotator "ChessBase"]
[PlyCount "56"]
[EventDate "2020.08.25"]
[EventCountry "UKR"]
[SourceTitle "playchess.com"]
[Source "ChessBase"]
[SourceQuality "1"]
[TimeControl "5400+30"]

1. Nf3 d5 2. d4 Nf6 3. c4 e6 4. e3 a6 5. Nbd2 c5 6. cxd5 exd5 7. dxc5 Bxc5 8. Nb3 Bb6 9. Be2 O-O 10. O-O Nc6 11. Nbd4 Ne4 12. Nxc6 bxc6 13. Nd2 f5 14. Nf3 Qd6 15. Qc2 Bb7 16. b3 Rae8 17. a4 c5 18. g3 Kh8 19. Bb2 d4 20. exd4 cxd4 21. Rad1 Nc3 22. Bxc3 Qc6 23. Rd3 f4 24. Bd1 fxg3 25. hxg3 dxc3 26. Rxc3 Qd6 27. Nd2 Be3 28. Rxe3 Rxe3 0-1

[Event "1st Sergiy Shystarev Memorial 2020"]
[Site "Kyiv"]
[Date "2020.08.29"]
[Round "7.4"]
[White "Matviishen, Viktor"]
[Black "Vysochin, Spartak"]
[Result "1-0"]
[ECO "D18"]
[WhiteElo "2505"]
[BlackElo "2501"]
[Annotator "ChessBase"]
[PlyCount "139"]
[EventDate "2020.08.25"]
[EventCountry "UKR"]
[SourceTitle "playchess.com"]
[Source "ChessBase"]
[SourceQuality "1"]
[TimeControl "5400+30"]

1. d4 d5 2. c4 c6 3. Nf3 Nf6 4. Nc3 dxc4 5. a4 Bf5 6. e3 e6 7. Bxc4 Bb4 8. O-O Nbd7 9. Qe2 O-O 10. Rd1 Ne4 11. Na2 Bd6 12. Bd3 Bg6 13. Nc3 Nxc3 14. bxc3 Bh5 15. h3 Qe7 16. Rb1 b6 17. e4 f6 18. g4 Bg6 19. Nh4 Bf7 20. f4 g6 21. Nf3 Bc7 22. e5 c5 23. Be3 Rac8 24. Ba6 Rb8 25. Bc4 Kh8 26. g5 fxg5 27. Nxg5 cxd4 28. cxd4 b5 29. axb5 Nb6 30. Bb3 Nd5 31. Bxd5 exd5 32. Bd2 Rfe8 33. Bb4 Qd7 34. Bc5 Bb6 35. Rbc1 Be6 36. Nxe6 Rxe6 37. Qg4 Qf7 38. Bd6 Rg8 39. Kh2 h5 40. Qg5 Kh7 41. Rf1 Bd8 42. Qg2 Qf5 43. Qc2 Qxc2+ 44. Rxc2 Bb6 45. Bc5 Rb8 46. Kg3 Kg7 47. Ra1 Rb7 48. Ra6 Kf7 49. Bxb6 Rexb6 50. Rxb6 Rxb6 51. Rc5 Ke6 52. Kf3 a5 53. Ke3 a4 54. Kd3 a3 55. Kc3 Kf5 56. Kb3 Kxf4 57. Kxa3 Ke4 58. Kb4 Kxd4 59. Rc6 Rb8 60. e6 g5 61. e7 Re8 62. Re6 g4 63. hxg4 hxg4 64. b6 g3 65. b7 g2 66. Rg6 Rb8 67. Ka5 Kc5 68. Ka6 Re8 69. Rxg2 d4 70. Rc2+ 1-0

[Event "1st Sergiy Shystarev Memorial 2020"]
[Site "Kyiv"]
[Date "2020.08.29"]
[Round "7.5"]
[White "Malovanyi, Yulian"]
[Black "Shishkin, Vadim"]
[Result "0-1"]
[ECO "B23"]
[WhiteElo "2311"]
[BlackElo "2469"]
[Annotator "ChessBase"]
[PlyCount "82"]
[EventDate "2020.08.25"]
[EventCountry "UKR"]
[SourceTitle "playchess.com"]
[Source "ChessBase"]
[SourceQuality "1"]
[TimeControl "5400+30"]

1. e4 c5 2. Nc3 Nc6 3. Nge2 Nf6 4. g3 d5 5. exd5 Nd4 6. Bg2 Bg4 7. h3 Bf3 8. Kf1 Bxg2+ 9. Kxg2 Nxd5 10. Nxd4 cxd4 11. Nxd5 Qxd5+ 12. Qf3 Qxf3+ 13. Kxf3 Rc8 14. c3 g6 15. cxd4 Bg7 16. d3 Rc2 17. Be3 Kd7 18. Rab1 Rhc8 19. a4 Kd6 20. Rhc1 Kd5 21. b3 Bf6 22. Rxc2 Rxc2 23. g4 g5 24. h4 h6 25. hxg5 hxg5 26. b4 Ra2 27. a5 Rc2 28. b5 Bxd4 29. b6 Bxe3 30. Kxe3 a6 31. Rh1 Rc5 32. Rh7 Rxa5 33. Rxf7 Ke6 34. Rh7 Rb5 35. Rh6+ Kf7 36. Kd4 a5 37. Kc4 Rb2 38. Rh8 Rxb6 39. Ra8 Rb4+ 40. Kc5 b6+ 41. Kc6 a4 0-1

[Event "1st Sergiy Shystarev Memorial 2020"]
[Site "Kyiv"]
[Date "2020.08.29"]
[Round "7.6"]
[White "Zubarev, Alexander"]
[Black "Katsman, Mikhail"]
[Result "1-0"]
[ECO "B34"]
[WhiteElo "2430"]
[BlackElo "2225"]
[Annotator "ChessBase"]
[PlyCount "65"]
[EventDate "2020.08.25"]
[EventCountry "UKR"]
[SourceTitle "playchess.com"]
[Source "ChessBase"]
[SourceQuality "1"]
[TimeControl "5400+30"]

1. e4 c5 2. Nf3 Nc6 3. d4 cxd4 4. Nxd4 g6 5. Nc3 Bg7 6. Be3 Nf6 7. Nxc6 dxc6 8. Qxd8+ Kxd8 9. O-O-O+ Nd7 10. f4 Ke8 11. e5 Nb6 12. Bxb6 axb6 13. Nb5 Bxe5 14. fxe5 cxb5 15. Bxb5+ Kf8 16. Rd8+ Kg7 17. Rxh8 Kxh8 18. a4 Bf5 19. c4 Kg7 20. Rd1 Rc8 21. b4 f6 22. exf6+ Kxf6 23. Kb2 Rc7 24. Kc3 g5 25. Rd8 h5 26. Kd4 e5+ 27. Ke3 Re7 28. Rf8+ Rf7 29. Rh8 Rh7 30. Rxh7 Bxh7 31. Bd7 Bg8 32. Bc8 Bxc4 33. Bxb7 1-0

[Event "1st Sergiy Shystarev Memorial 2020"]
[Site "Kyiv"]
[Date "2020.08.30"]
[Round "8.1"]
[White "Roshka, Yevgeniy"]
[Black "Kislinsky, Alexey"]
[Result "1-0"]
[ECO "A56"]
[WhiteElo "2455"]
[BlackElo "2452"]
[Annotator "ChessBase"]
[PlyCount "89"]
[EventDate "2020.08.25"]
[EventCountry "UKR"]
[SourceTitle "playchess.com"]
[Source "ChessBase"]
[SourceQuality "1"]
[TimeControl "5400+30"]

1. d4 Nf6 2. c4 c5 3. d5 g6 4. Nc3 Bg7 5. e4 d6 6. Nge2 b5 7. cxb5 a6 8. f3 O-O 9. Nf4 Nbd7 10. Be3 Ne5 11. Be2 axb5 12. Bxb5 Ba6 13. Bxa6 Rxa6 14. Qe2 Qa8 15. O-O Rb8 16. Nh3 Rab6 17. b3 Rb4 18. Nf2 c4 19. Rfc1 Qa6 20. Ncd1 Ne8 21. bxc4 Nc7 22. a3 Rxc4 23. Rab1 Rxb1 24. Rxb1 Nd7 25. Rb7 Qa4 26. Nb2 Bxb2 27. Qxb2 Qa5 28. Nd3 f6 29. Ra7 Qc3 30. Qxc3 Rxc3 31. Nb4 Ne5 32. Bd2 Rc5 33. Nc6 Nb5 34. Rxe7 Nxc6 35. dxc6 Rxc6 36. a4 Rc7 37. Rxc7 Nxc7 38. Bb4 d5 39. Ba5 Na6 40. exd5 Nc5 41. d6 Kf7 42. Bb6 Nd7 43. a5 Ke6 44. Bc7 Kd5 45. Kf2 1-0

[Event "1st Sergiy Shystarev Memorial 2020"]
[Site "Kyiv"]
[Date "2020.08.30"]
[Round "8.2"]
[White "Sivuk, Vitaly"]
[Black "Matviishen, Viktor"]
[Result "1-0"]
[ECO "D43"]
[WhiteElo "2545"]
[BlackElo "2505"]
[Annotator "ChessBase"]
[PlyCount "113"]
[EventDate "2020.08.25"]
[EventCountry "UKR"]
[SourceTitle "playchess.com"]
[Source "ChessBase"]
[SourceQuality "1"]
[TimeControl "5400+30"]

1. c4 c6 2. d4 d5 3. Nf3 Nf6 4. Nc3 e6 5. Bg5 h6 6. Bh4 dxc4 7. e4 g5 8. Bg3 b5 9. h4 g4 10. Ne5 Nbd7 11. Be2 Bb7 12. Nxd7 Qxd7 13. Be5 Qe7 14. Qc2 Rg8 15. b3 Nd7 16. Bg3 b4 17. Na4 c3 18. a3 Bg7 19. e5 a5 20. axb4 axb4 21. O-O c5 22. Bb5 cxd4 23. Nb6 Rxa1 24. Rxa1 Qc5 25. Qh7 Qxb5 26. Qxg8+ Bf8 27. Nc4 Qd5 28. Nd6+ Kd8 29. Nxb7+ Qxb7 30. Bf4 Ke7 31. Qxg4 d3 32. Be3 d2 33. Kh2 Ke8 34. Ra5 Qc6 35. Kh3 Kd8 36. Qe2 Kc8 37. f3 h5 38. Bxd2 cxd2 39. Qxd2 Be7 40. Qf4 f6 41. exf6 Nxf6 42. Ra7 Nd5 43. Qe5 Bf6 44. Qe4 Qd6 45. g3 Bd8 46. Rg7 Qa6 47. Qe1 Be7 48. f4 Kd7 49. Rg6 Bf6 50. Qd1 Ke7 51. Rh6 Ne3 52. Rh7+ Kf8 53. Qf3 e5 54. Rxh5 Qc8+ 55. g4 Qc3 56. fxe5 Nd5 57. Rf5 1-0